[Event "Titled Tuesday Blitz August 22 Early 2023"]
[White "matenitian"]
[Black "Skaric, Djuro"]
[BlackFideId "934569"]
[WhiteElo "2503"]
[BlackElo "2319"]
[Result "1-0"]
[Round "2"]
[TimeControl "180+1"]
[Date "2023.08.22"]
[WhiteClock "0:00:12"]
[BlackClock "0:01:21"]
[Board "191"]

1. e4 d6 2. d4 g6 3. Nc3 Bg7 4. Nf3 Nf6 5. Bc4 O-O 6. Bb3 Nc6 7. O-O h6 8. h3 Kh7 9. a4 e5 10. a5 Nd7 11. Re1 exd4 12. Nb5 Nc5 13. Bd5 a6 14. Nbxd4 Nxd4 15. Nxd4 c6 16. Ba2 Qf6 17. Nf3 Re8 18. Nd2 Bd7 19. Qf3 Qxf3 20. gxf3 Ne6 21. Nc4 d5 22. Nd6 Rf8 23. exd5 cxd5 24. Bxd5 Bc6 25. Bxc6 bxc6 26. c3 Rad8 27. Nc4 Nc5 28. Be3 Nd3 29. Red1 Ne5 30. Nxe5 Bxe5 31. Bb6 Rd5 32. Rxd5 cxd5 33. Rd1 Kg7 34. Rxd5 Kf6 35. Kg2 Ke6 36. Rd3 Rc8 37. Be3 g5 38. Bd4 Bd6 39. Re3+ Kd5 40. Re4 f5 41. Re1 h5 42. Bf6 h4 43. Rd1+ Ke6 44. Bd4 Rg8 45. Bb6 g4 46. fxg4 fxg4 47. hxg4 Rxg4+ 48. Kh3 Rf4 49. Rd3 Be5 50. b4 Kf5 51. Rd5 Ke6 52. Rxe5+ Kxe5 53. Bc7+ 1-0


[Site "https://www.chess.com"]

[Event "Titled Tuesday Blitz August 22 Early 2023"]
[White "kaanadayhamle"]
[Black "only_strong_moves"]
[WhiteElo "2318"]
[BlackElo "2503"]
[Result "1-0"]
[Round "2"]
[TimeControl "180+1"]
[Date "2023.08.22"]
[WhiteClock "0:00:24"]
[BlackClock "0:00:19"]
[Board "192"]

1. e4 e6 2. d4 d5 3. Nd2 c5 4. exd5 Qxd5 5. Ngf3 cxd4 6. Bc4 Qd6 7. O-O Nf6 8. Re1 Be7 9. Nb3 Nc6 10. Nbxd4 Nxd4 11. Qxd4 Qxd4 12. Nxd4 O-O 13. Bf4 Bd7 14. Rad1 Rac8 15. Bb3 Rfd8 16. c3 a5 17. a4 Bf8 18. Bg5 h6 19. Bxf6 gxf6 20. Rd3 f5 21. Red1 Be7 22. Nxf5 exf5 23. Rxd7 Kf8 24. Kf1 Rxd7 25. Rxd7 b6 26. Rb7 Rc6 27. Ke2 Rg6 28. g3 f4 29. Kf3 fxg3 30. fxg3 Rf6+ 31. Kg2 Bc5 32. Bd5 Rf2+ 33. Kh3 f5 34. b4 Be3 35. bxa5 bxa5 36. c4 f4 37. Rb3 Bc5 38. Rf3 Rxf3 39. Bxf3 fxg3 40. hxg3 Ke7 41. Kg4 Kf6 42. Kh5 Kg7 43. Bd5 Bd6 44. Kg4 Kf6 45. Kf3 Kf5 46. g4+ Kg5 47. Be6 Bb4 48. Ke4 Kf6 49. Kd5 Ke7 50. Bf5 Kd8 51. Kc6 Bc3 52. c5 Bb4 53. Kb6 Ke7 54. c6 Bd6 55. c7 Bxc7+ 56. Kxc7 Kf6 57. Bc8 Kg5 58. Kb6 Kf4 59. Kxa5 Kg5 60. Kb6 Kf4 61. a5 Kg5 62. a6 Kf4 63. a7 Kg5 64. a8=Q Kf4 65. Qd5 Kg3 66. Qh5 Kf4 67. Qxh6+ Kg3 68. g5 Kf4 69. g6+ Kg3 70. g7 Kf3 71. g8=Q Kf2 72. Qf7+ Ke2 73. Qhe6+ Kd3 74. Qf3+ Kc2 75. Qee2+ Kb1 76. Qff1# 1-0


[Site "https://www.chess.com"]

[Event "Titled Tuesday Blitz August 22 Early 2023"]
[White "Bazilius, Augustinas"]
[Black "Wang2007"]
[WhiteFideId "12832251"]
[WhiteElo "2502"]
[BlackElo "2315"]
[Result "0-1"]
[Round "2"]
[TimeControl "180+1"]
[Date "2023.08.22"]
[WhiteClock "0:00:03"]
[BlackClock "0:01:14"]
[Board "193"]

1. d4 Nf6 2. c4 g6 3. Nc3 d5 4. cxd5 Nxd5 5. Bd2 Bg7 6. e4 Nxc3 7. Bxc3 c5 8. Nf3 cxd4 9. Bxd4 O-O 10. Bxg7 Kxg7 11. Qxd8 Rxd8 12. Bb5 a6 13. Ba4 b5 14. Bb3 Bb7 15. Nd2 Nc6 16. f3 Nd4 17. Rc1 Rd7 18. Nb1 Rad8 19. Nc3 a5 20. Bd5 Ba6 21. Ne2 Nxe2 22. Kxe2 e6 23. Bc6 Rd2+ 24. Ke3 g5 25. Rc5 R8d3# 0-1


[Site "https://www.chess.com"]

[Event "Titled Tuesday Blitz August 22 Early 2023"]
[White "Afanasieva, Alexandra"]
[Black "Kuzmin, Roman"]
[WhiteFideId "34126926"]
[BlackFideId "44134932"]
[WhiteElo "2314"]
[BlackElo "2502"]
[Result "1-0"]
[Round "2"]
[TimeControl "180+1"]
[Date "2023.08.22"]
[WhiteClock "0:01:25"]
[BlackClock "0:01:47"]
[Board "194"]

1. e4 c5 2. Nf3 d6 3. d4 cxd4 4. Nxd4 Nf6 5. Nc3 a6 6. Bg5 e6 7. f4 h6 8. Bh4 Qb6 9. Qd2 Qxb2 10. Rb1 Qa3 11. e5 dxe5 12. fxe5 Nfd7 13. Ne4 Qxa2 14. Rd1 Qd5 15. Qe3 Qxe5 16. Be2 Bc5 17. Bg3 Qd5 18. c4 Bxd4 19. Rxd4 Qa5+ 20. Rd2 O-O 21. Bd6 f5 22. Bxf8 Nxf8 23. Nd6 Nbd7 24. O-O Qc5 25. Qd4 Qxd4+ 26. Rxd4 Nc5 27. g4 g6 28. gxf5 gxf5 29. Kf2 Kg7 30. Rg1+ Kf6 31. Ne8+ Ke7 32. Rg7+ Kxe8 33. Bh5+ Ng6 34. Bxg6+ Kf8 35. Rf7+ Kg8 36. Rd8# 1-0


[Site "https://www.chess.com"]

[Event "Titled Tuesday Blitz August 22 Early 2023"]
[White "arenal72"]
[Black "Acikel, Mert"]
[BlackFideId "12956465"]
[WhiteElo "2501"]
[BlackElo "2312"]
[Result "1-0"]
[Round "2"]
[TimeControl "180+1"]
[Date "2023.08.22"]
[WhiteClock "0:01:37"]
[BlackClock "0:01:57"]
[Board "195"]

1. e4 e5 2. Nf3 Nc6 3. Nc3 Nf6 4. h3 Bc5 5. Nxe5 Nxe5 6. d4 Bd6 7. dxe5 Bxe5 8. Bd3 O-O 9. O-O c6 10. f4 Bc7 11. e5 Ne8 12. Ne4 d5 13. Ng5 g6 14. c4 Ng7 15. b3 Bf5 16. g4 Bxd3 17. Qxd3 dxc4 18. Qxc4 Bb6+ 19. Kh1 Qd4 20. Qxd4 Bxd4 21. Rb1 Rad8 22. Ba3 Rfe8 23. Ne4 b6 24. Nf6+ Kh8 25. Nxe8 Rxe8 26. Rbd1 c5 27. b4 Rc8 28. bxc5 bxc5 29. Rc1 Ne6 30. f5 Ng5 31. Rfd1 Ne4 32. Rxd4 1-0


[Site "https://www.chess.com"]

[Event "Titled Tuesday Blitz August 22 Early 2023"]
[White "Coelho, Ramyres Santana"]
[Black "Czerw, Dawid"]
[WhiteFideId "2120690"]
[BlackFideId "1145746"]
[WhiteElo "2311"]
[BlackElo "2500"]
[Result "0-1"]
[Round "2"]
[TimeControl "180+1"]
[Date "2023.08.22"]
[WhiteClock "0:00:00"]
[BlackClock "0:00:13"]
[Board "196"]

1. e4 c5 2. Nf3 g6 3. d4 cxd4 4. Nxd4 Nc6 5. Nxc6 bxc6 6. Qd4 Nf6 7. Nc3 Bg7 8. e5 Ng8 9. Be2 Qc7 10. Bf4 Nh6 11. O-O-O Nf5 12. Qe4 Qb6 13. g4 Nh6 14. Be3 Qa5 15. f4 Rb8 16. Qa4 Qc7 17. Qxa7 Rb7 18. Qc5 O-O 19. h4 d6 20. exd6 exd6 21. Qxd6 Qa5 22. Qc5 Qa8 23. Bd4 Bxd4 24. Rxd4 Bxg4 25. Bxg4 Nxg4 26. h5 Qe8 27. hxg6 Qe3+ 28. Kb1 hxg6 29. Rc4 Qf2 30. f5 Qxf5 31. Rh8+ Kxh8 32. Qxf8+ Kh7 33. a3 Rd7 34. Qc5 Rd5 35. Qxc6 Ne3 36. Rb4 Qxc2+ 37. Ka2 Rd2 38. Rh4+ Kg7 0-1


[Site "https://www.chess.com"]

[Event "Titled Tuesday Blitz August 22 Early 2023"]
[White "Prydun, Andriy"]
[Black "Bilan, Danila"]
[WhiteFideId "14145898"]
[BlackFideId "24161918"]
[WhiteElo "2310"]
[BlackElo "2499"]
[Result "0-1"]
[Round "2"]
[TimeControl "180+1"]
[Date "2023.08.22"]
[WhiteClock "0:00:00"]
[BlackClock "0:00:03"]
[Board "197"]

1. e4 c6 2. d4 d5 3. e5 c5 4. b4 cxd4 5. Qxd4 Nc6 6. Qb2 Qc7 7. Nf3 Bg4 8. b5 Na5 9. Be3 Nc4 10. Bxc4 Qxc4 11. Nbd2 Qa4 12. Qc3 Qxb5 13. Nd4 Qd7 14. O-O e6 15. f3 Bh5 16. g4 Bg6 17. f4 Ne7 18. N2b3 Nc6 19. f5 exf5 20. gxf5 Bh5 21. e6 Qc7 22. Nb5 Qd8 23. f6 gxf6 24. exf7+ Bxf7 25. Rae1 Be7 26. Bc5 O-O 27. Rxe7 Nxe7 28. Qxf6 Ng6 29. Bd4 Qxf6 30. Rxf6 a6 31. Nd6 b5 32. Nc5 Rad8 33. Nxa6 Be8 34. Nf5 Rxf6 35. Bxf6 Ra8 36. Nc5 Kf7 37. Bd4 Rxa2 38. Nh6+ Ke7 39. c3 Bd7 40. Ng8+ Kd6 41. Nf6 Bh3 42. Nxh7 Rg2+ 43. Kh1 Re2 44. Kg1 Nh4 45. Ng5 Rg2+ 46. Kh1 Rxg5 47. c4 Rg2 48. Ne4+ dxe4 49. Bc5+ Kxc5 0-1


[Site "https://www.chess.com"]

[Event "Titled Tuesday Blitz August 22 Early 2023"]
[White "Gogolev, Artem"]
[Black "Zaksaite, Salomeja"]
[WhiteFideId "4116615"]
[BlackFideId "12801496"]
[WhiteElo "2499"]
[BlackElo "2306"]
[Result "1-0"]
[Round "2"]
[TimeControl "180+1"]
[Date "2023.08.22"]
[WhiteClock "0:00:07"]
[BlackClock "0:00:00"]
[Board "198"]

1. d4 Nf6 2. c4 g6 3. Nf3 Bg7 4. g3 d6 5. Bg2 O-O 6. O-O Nc6 7. Nc3 Bf5 8. h3 Qc8 9. g4 Bd7 10. d5 Na5 11. Qd3 c5 12. e4 a6 13. e5 Ne8 14. Bg5 f6 15. exf6 exf6 16. Bf4 b5 17. Nd2 bxc4 18. Nxc4 Nxc4 19. Qxc4 Rb8 20. a3 Rxb2 21. Rfe1 f5 22. g5 Rc2 23. Rac1 Bxc3 24. Rxc2 Bxe1 25. Re2 Bb5 26. Qc2 Bxe2 27. Qxe2 Bc3 28. h4 Ng7 29. h5 Nxh5 30. Bxd6 Re8 31. Be7 Nf4 32. Qc4 Rxe7 33. d6+ Re6 34. Bf1 Bd4 35. Qa4 Qe8 36. Qxa6 Qd7 37. Bc4 Kf7 38. Qa8 Qxd6 39. Qh8 Nd5 40. Qxh7+ Bg7 41. Qh3 Nf4 42. Qb3 1-0


[Site "https://www.chess.com"]

[Event "Titled Tuesday Blitz August 22 Early 2023"]
[White "feuervogel1000000"]
[Black "Li, Hui"]
[BlackFideId "15400310"]
[WhiteElo "2499"]
[BlackElo "2304"]
[Result "1-0"]
[Round "2"]
[TimeControl "180+1"]
[Date "2023.08.22"]
[WhiteClock "0:01:32"]
[BlackClock "0:00:00"]
[Board "199"]

1. d4 d5 2. c4 e6 3. Nf3 Nf6 4. g3 Be7 5. Bg2 O-O 6. O-O dxc4 7. Qc2 a6 8. Qxc4 b5 9. Qc2 Bb7 10. Bg5 Nbd7 11. Bxf6 Nxf6 12. Nbd2 Rc8 13. Nb3 Be4 14. Qc1 Qd5 15. Rd1 Qa8 16. Nc5 Bd5 17. a4 b4 18. a5 Rfd8 19. Ne1 Bxg2 20. Nxg2 Nd7 21. Qc4 Nxc5 22. dxc5 Qc6 23. Nf4 Qxc5 24. Qxa6 c6 25. Qb7 Qb5 26. Qxe7 Rxd1+ 27. Rxd1 Qxa5 28. Nxe6 1-0


[Site "https://www.chess.com"]

[Event "Titled Tuesday Blitz August 22 Early 2023"]
[White "Hercegovac, Neven"]
[Black "NovozhilovSemen"]
[WhiteFideId "2839135"]
[WhiteElo "2302"]
[BlackElo "2497"]
[Result "0-1"]
[Round "2"]
[TimeControl "180+1"]
[Date "2023.08.22"]
[WhiteClock "0:01:07"]
[BlackClock "0:01:31"]
[Board "200"]

1. d4 Nf6 2. Bf4 e6 3. e3 c5 4. Nf3 cxd4 5. exd4 b6 6. Nc3 Bb7 7. Be2 d6 8. O-O Be7 9. Re1 O-O 10. h3 a6 11. Bd3 Nbd7 12. Ne4 Nxe4 13. Bxe4 Bxe4 14. Rxe4 Nf6 15. Re1 Qc7 16. c3 Rac8 17. Qd3 Qb7 18. Bg5 h6 19. Bh4 b5 20. a3 a5 21. Nd2 Rc7 22. Bxf6 Bxf6 23. Ne4 Be7 24. Re3 Qd5 25. Rg3 f5 26. Nd2 e5 27. Re1 e4 28. Qe2 Bh4 29. Rg6 Kh7 30. Qh5 Qf7 31. Qxh4 Qxg6 32. Qf4 Qg5 0-1


[Site "https://www.chess.com"]

[Event "Titled Tuesday Blitz August 22 Early 2023"]
[White "Kaganskiy, Gleb"]
[Black "slidingknight2775"]
[WhiteFideId "4132025"]
[WhiteElo "2301"]
[BlackElo "2497"]
[Result "0-1"]
[Round "2"]
[TimeControl "180+1"]
[Date "2023.08.22"]
[WhiteClock "0:00:00"]
[BlackClock "0:00:10"]
[Board "201"]

1. e4 c5 2. Nf3 d6 3. Nc3 a6 4. d4 cxd4 5. Nxd4 Nf6 6. Bg5 e6 7. f4 Qb6 8. Qd3 Nbd7 9. O-O-O Qc7 10. Qd2 b5 11. Be2 Bb7 12. Bf3 Rc8 13. Rhe1 Be7 14. Nd5 exd5 15. exd5 Kf8 16. Nf5 Re8 17. Qf2 Bd8 18. Rxe8+ Nxe8 19. Qh4 Bf6 20. Re1 Qd8 21. Rxe8+ Qxe8 22. Nxd6 Qe3+ 23. Kd1 Bxd5 24. Bxd5 Qd4+ 25. Kc1 Qxd5 26. Bxf6 Nxf6 0-1


[Site "https://www.chess.com"]

[Event "Titled Tuesday Blitz August 22 Early 2023"]
[White "Koutlas, Nikolaos"]
[Black "Wang, Alexander J"]
[WhiteFideId "25827138"]
[BlackFideId "30955270"]
[WhiteElo "2496"]
[BlackElo "2300"]
[Result "1-0"]
[Round "2"]
[TimeControl "180+1"]
[Date "2023.08.22"]
[WhiteClock "0:02:00"]
[BlackClock "0:01:32"]
[Board "202"]

1. e4 c5 2. Nf3 d6 3. d4 cxd4 4. Nxd4 Nf6 5. Nc3 g6 6. Be3 Bg7 7. f3 O-O 8. Qd2 Nc6 9. g4 Be6 10. Nxe6 fxe6 11. h4 Ne5 12. Be2 Nfd7 13. f4 Nc6 14. h5 Nc5 15. hxg6 hxg6 16. Bc4 Kf7 17. O-O-O Rh8 18. Bxc5 dxc5 19. Qe2 Qc7 20. Bxe6+ Kxe6 21. Qc4+ 1-0


[Site "https://www.chess.com"]

[Event "Titled Tuesday Blitz August 22 Early 2023"]
[White "Shapiro, Daniel"]
[Black "Ocido, Michael"]
[WhiteFideId "2001780"]
[BlackFideId "115201920"]
[WhiteElo "2300"]
[BlackElo "2496"]
[Result "1/2-1/2"]
[Round "2"]
[TimeControl "180+1"]
[Date "2023.08.22"]
[WhiteClock "0:00:09"]
[BlackClock "0:00:03"]
[Board "203"]

1. d4 Nf6 2. c4 c5 3. d5 b5 4. cxb5 a6 5. e3 Bb7 6. Nc3 e6 7. Nge2 Nxd5 8. e4 Nxc3 9. Nxc3 d5 10. bxa6 Nxa6 11. Bb5+ Ke7 12. exd5 Bxd5 13. Nxd5+ Qxd5 14. O-O Nc7 15. Be2 Qxd1 16. Rxd1 f6 17. Be3 Ke8 18. Bf3 Ra6 19. Rac1 Rd6 20. Bxc5 Rxd1+ 21. Bxd1 Bxc5 22. Rxc5 Kd7 23. Ba4+ Kd6 24. Rc6+ Kd7 25. Rc2+ Kd6 26. Rc6+ Kd7 27. Rb6+ Ke7 28. Rb7 Kd6 29. b4 Rd8 30. a3 e5 31. Bb3 Kc6 32. Ra7 Rd3 33. Ba4+ Kb6 34. Ra5 Rd2 35. Kf1 Rd3 36. Bc2 Rc3 37. Bxh7 Nb5 38. a4 Nd4 39. Ke1 f5 40. Ra8 e4 41. g4 Nf3+ 42. Kd1 fxg4 43. Bxe4 Nxh2 44. Rb8+ Kc7 45. Rb7+ Kd6 46. Rxg7 Rc4 47. Bd3 Rxb4 48. a5 Rd4 49. Kc2 Nf3 50. Kc3 Ra4 51. a6 Ne5 52. Rg8 Ra3+ 53. Kb4 Rxd3 54. Kb5 Nc6 55. Kb6 Ra3 56. Kb5 Rb3+ 57. Kc4 Rb6 58. Rg6+ Kc7 59. Kc3 Rxa6 60. Rxg4 Ra3+ 61. Kd2 Kd6 62. Ke2 Ke5 63. Rg5+ Ke4 64. Rg4+ Kd5 65. Rg5+ Ne5 66. f4 Ke4 67. fxe5 Ra5 68. Kd2 Rxe5 69. Rxe5+ Kxe5 1/2-1/2


[Site "https://www.chess.com"]

[Event "Titled Tuesday Blitz August 22 Early 2023"]
[White "EvgenyBurmakin"]
[Black "Yedidia, Daniel"]
[BlackFideId "30905907"]
[WhiteElo "2299"]
[BlackElo "2495"]
[Result "0-1"]
[Round "2"]
[TimeControl "180+1"]
[Date "2023.08.22"]
[WhiteClock "0:00:00"]
[BlackClock "0:00:07"]
[Board "204"]

1. e4 e5 2. Nf3 Nc6 3. Bb5 a6 4. Ba4 Nf6 5. O-O Be7 6. Bxc6 dxc6 7. d3 Nd7 8. Nbd2 O-O 9. Nc4 Bf6 10. b3 Re8 11. Bb2 g6 12. Nfd2 Nc5 13. Qe2 Bg7 14. Rae1 f6 15. f4 exf4 16. Rxf4 Ne6 17. Rff1 Rf8 18. Ne3 Nd4 19. Qf2 a5 20. a3 c5 21. a4 Be6 22. Ndc4 b6 23. Kh1 Qd7 24. Rd1 Rad8 25. Rd2 Qe7 26. Qg3 Rf7 27. Rdf2 Rdf8 28. h3 Bc8 29. Nd5 Qd8 30. Nce3 c6 31. Nc3 Be6 32. Ne2 Nxe2 33. Rxe2 Qd7 34. Ref2 Qe7 35. Qf3 b5 36. Qe2 Rb8 37. Bc3 c4 38. bxc4 b4 39. Ba1 Bd7 40. d4 c5 41. d5 Bxa4 0-1


[Site "https://www.chess.com"]

[Event "Titled Tuesday Blitz August 22 Early 2023"]
[White "Janaszak, Dawid"]
[Black "Blokhin, Sofia"]
[WhiteFideId "1119206"]
[BlackFideId "4508190"]
[WhiteElo "2493"]
[BlackElo "2294"]
[Result "0-1"]
[Round "2"]
[TimeControl "180+1"]
[Date "2023.08.22"]
[WhiteClock "0:00:12"]
[BlackClock "0:00:03"]
[Board "205"]

1. e4 c5 2. Nc3 e6 3. Nge2 a6 4. g3 Nc6 5. Bg2 g6 6. d4 cxd4 7. Nxd4 Bg7 8. Be3 Nge7 9. Nxc6 Nxc6 10. Qd6 Be5 11. Qd2 O-O 12. O-O Bg7 13. Rad1 Qc7 14. Bc5 Re8 15. Bd6 Qd8 16. Rfe1 b5 17. e5 Bb7 18. f4 Qb6+ 19. Kh1 Ne7 20. Ne4 Nd5 21. Qd4 Qa5 22. a3 Qd8 23. h4 Bc6 24. Kh2 f5 25. Ng5 h6 26. Nf3 Bf8 27. Bxf8 Rxf8 28. Qf2 Qe7 29. Nd4 Bb7 30. c3 Rac8 31. Rd2 g5 32. hxg5 hxg5 33. Red1 Rf7 34. Kg1 gxf4 35. gxf4 Rg7 36. Qf3 Qh4 37. Kf1 Ba8 38. Nxf5 exf5 39. Rxd5 Bxd5 40. Rxd5 Rc4 41. Rd4 Rxd4 42. cxd4 Rg4 43. Qd5+ Kf8 44. Qd6+ Ke8 45. Qb8+ Kf7 46. Bd5+ Kg7 47. Qg8+ Kh6 48. Qh8+ Kg6 49. Qe8+ Kh6 50. Qf8+ Kg6 51. Bf7+ Kh7 52. Bg6+ Rxg6 53. Qxf5 Qg4 54. Qf7+ Rg7 55. Qf6 Qg1+ 56. Ke2 Qg2+ 57. Kd3 Rg3# 0-1


[Site "https://www.chess.com"]

[Event "Titled Tuesday Blitz August 22 Early 2023"]
[White "Balabayeva, Xeniya"]
[Black "Alahakoon, Isuru"]
[WhiteFideId "13719688"]
[BlackFideId "9900993"]
[WhiteElo "2492"]
[BlackElo "2287"]
[Result "1-0"]
[Round "2"]
[TimeControl "180+1"]
[Date "2023.08.22"]
[WhiteClock "0:00:10"]
[BlackClock "0:00:00"]
[Board "206"]

1. e4 d5 2. exd5 Qxd5 3. Nf3 Nf6 4. d4 Bg4 5. Be2 Nc6 6. c4 Qh5 7. h3 O-O-O 8. O-O Bxh3 9. Ne5 Qf5 10. Nxc6 bxc6 11. gxh3 Qxh3 12. Bf4 g5 13. Be5 h5 14. Bf3 Ng4 15. Bg2 Qh4 16. Bg3 Qxg3 17. fxg3 Bg7 18. d5 c5 19. Bh3 Bd4+ 20. Kg2 f5 21. Bxg4 hxg4 22. Rxf5 Rdf8 23. Qxg4 1-0


[Site "https://www.chess.com"]

[Event "Titled Tuesday Blitz August 22 Early 2023"]
[White "Li, Xueyi"]
[Black "Shuvalov, Evgenij"]
[WhiteFideId "8605912"]
[BlackFideId "4187237"]
[WhiteElo "2286"]
[BlackElo "2491"]
[Result "1-0"]
[Round "2"]
[TimeControl "180+1"]
[Date "2023.08.22"]
[WhiteClock "0:00:02"]
[BlackClock "0:00:00"]
[Board "207"]

1. d4 Nf6 2. c4 g6 3. g3 c6 4. Bg2 d5 5. Nf3 Bg7 6. O-O O-O 7. Ne5 Ng4 8. Nf3 Nf6 9. a4 Bf5 10. a5 Na6 11. Ne5 Ng4 12. cxd5 cxd5 13. Nxg4 Bxg4 14. Nc3 Be6 15. Bf4 Qd7 16. Qd2 Rfc8 17. Bh6 Bxh6 18. Qxh6 Nb4 19. h4 Rc4 20. Rad1 Nc6 21. h5 Nxd4 22. hxg6 hxg6 23. e4 dxe4 24. Nxe4 Nf5 25. Rxd7 Nxh6 26. Rxb7 Kf8 27. Ng5 Bc8 28. Rxe7 Kxe7 29. Bxa8 Rb4 30. Re1+ Kf6 31. Ne4+ Kg7 32. Nd6 Ba6 33. Ne8+ Kf8 34. Nc7 Bc4 35. Re8+ Kg7 36. Bd5 Bxd5 37. Nxd5 Rxb2 38. Ne3 Ra2 39. Nc4 Ra4 40. Rc8 Ng4 41. Rc7 Kf8 42. Nd6 Rxa5 43. Rxf7+ Kg8 44. Rf4 Ne5 45. Ne8 Ra1+ 46. Kg2 a5 47. Nf6+ Kg7 48. Ne8+ Kg8 49. Re4 Nd3 50. Rd4 Ne1+ 51. Kh3 a4 52. g4 a3 53. Nf6+ Kf7 54. g5 a2 55. Ra4 Nd3 56. Ra7+ Ke6 57. Kg2 Nb4 58. Ra6+ 1-0


[Site "https://www.chess.com"]

[Event "Titled Tuesday Blitz August 22 Early 2023"]
[White "szachmistrz2500"]
[Black "Wimalasuriya, Kasun M."]
[BlackFideId "9906789"]
[WhiteElo "2488"]
[BlackElo "2284"]
[Result "1/2-1/2"]
[Round "2"]
[TimeControl "180+1"]
[Date "2023.08.22"]
[WhiteClock "0:01:14"]
[BlackClock "0:01:39"]
[Board "208"]

1. Nf3 c6 2. g3 d5 3. Bg2 Nf6 4. O-O Bf5 5. d3 e6 6. Nbd2 Nbd7 7. Re1 h6 8. e4 Bg6 9. Qe2 Be7 10. b3 O-O 11. Bb2 Ne8 12. h4 Bf6 13. e5 Be7 14. Nf1 c5 15. N1h2 b5 16. Ng4 h5 17. Ngh2 Bf5 18. Bc1 g6 19. Bf4 a5 20. a4 b4 21. Nf1 Rc8 22. Ne3 Ng7 23. Nxf5 Nxf5 24. Bh3 Re8 25. Bxf5 exf5 26. e6 Nf8 27. exf7+ Kxf7 28. Ne5+ Kg7 29. Qd2 Bf6 30. Re2 Rc7 31. Rae1 Rce7 32. d4 c4 33. Nc6 Rxe2 34. Rxe2 Rxe2 35. Qxe2 Qd7 36. Nxa5 cxb3 37. cxb3 Bxd4 38. Be5+ Bxe5 39. Qxe5+ Kf7 40. Qd4 Ne6 41. Qxb4 d4 42. Qb7 Qxb7 43. Nxb7 d3 44. Kf1 Nd4 45. Ke1 Nxb3 46. a5 Nxa5 47. Nxa5 f4 48. Kd2 Kf6 49. Kxd3 Kf5 50. Ke2 fxg3 51. fxg3 Kg4 52. Kf2 g5 53. hxg5 Kxg5 54. Kf3 h4 55. g4 h3 56. Nc4 h2 57. Kg2 h1=Q+ 58. Kxh1 Kxg4 1/2-1/2


[Site "https://www.chess.com"]

[Event "Titled Tuesday Blitz August 22 Early 2023"]
[White "Hrescak, Ivana"]
[Black "Gavilan Diaz, Mario"]
[WhiteFideId "14613441"]
[BlackFideId "2260905"]
[WhiteElo "2278"]
[BlackElo "2486"]
[Result "1/2-1/2"]
[Round "2"]
[TimeControl "180+1"]
[Date "2023.08.22"]
[WhiteClock "0:00:15"]
[BlackClock "0:00:13"]
[Board "209"]

1. e4 b6 2. d4 Bb7 3. Nc3 e6 4. Nf3 Bb4 5. Bd3 Nf6 6. Qe2 d5 7. exd5 Nxd5 8. Bd2 O-O 9. O-O Nxc3 10. bxc3 Be7 11. Rfe1 Nd7 12. g3 Nf6 13. Bg5 c5 14. Rad1 Qc7 15. Ne5 Nd5 16. Qh5 g6 17. Nxg6 fxg6 18. Bxg6 Bxg5 19. Qxg5 hxg6 20. Rxe6 Rf7 21. Rxg6+ Rg7 22. Re1 Rf8 23. Ree6 Rf7 24. Re8+ Rf8 25. Ree6 Rf7 26. Re8+ Rf8 27. Ree6 1/2-1/2


[Site "https://www.chess.com"]

[Event "Titled Tuesday Blitz August 22 Early 2023"]
[White "Devaev, Alexander"]
[Black "Sariego Figueredo, Wilfredo"]
[WhiteFideId "4169395"]
[BlackFideId "3500080"]
[WhiteElo "2484"]
[BlackElo "2274"]
[Result "1-0"]
[Round "2"]
[TimeControl "180+1"]
[Date "2023.08.22"]
[WhiteClock "0:00:18"]
[BlackClock "0:00:06"]
[Board "210"]

1. Nf3 c5 2. c4 g6 3. Nc3 Bg7 4. e3 e6 5. Be2 Ne7 6. O-O Nbc6 7. Rb1 O-O 8. a3 d5 9. cxd5 exd5 10. d3 Bg4 11. h3 Bf5 12. e4 Bxc3 13. exf5 Bg7 14. fxg6 hxg6 15. Be3 b6 16. Bg5 Qd7 17. b4 cxb4 18. axb4 Nf5 19. Qa4 Qd6 20. b5 Ncd4 21. Nxd4 Nxd4 22. Bd1 Ne6 23. Bd2 Nc5 24. Qa3 Qf6 25. Bb4 Rfc8 26. Bf3 Qd4 27. Rfd1 Be5 28. Be2 Re8 29. Bf1 Bg3 30. Qa2 Ne6 31. Qb2 Qxb2 32. Rxb2 Be5 33. Rbb1 Bd4 34. g3 Bc5 35. Bd2 Rad8 36. Bg2 d4 37. h4 Nc7 38. Bc6 Re7 39. Bg5 Rde8 40. Bxe7 Rxe7 41. Re1 Rxe1+ 42. Rxe1 Ne6 43. f4 Bb4 44. Rd1 Bc3 45. Bd5 Nc5 46. Bc4 Kg7 47. Kg2 Kf6 48. Kf3 Ke7 49. Rh1 f5 50. g4 fxg4+ 51. Kxg4 Kf6 52. Rf1 Nd7 53. Rf2 Be1 54. Re2 Bc3 55. Re6+ Kg7 56. Rc6 Nf6+ 57. Kf3 Nh5 58. Rc7+ Kh6 59. Rc6 Bd2 60. Bf7 Nxf4 61. Kg4 Nxd3 62. Rxg6+ Kh7 63. Re6 Nf2+ 64. Kf3 Be3 65. Bg6+ Kg7 66. Bd3 Kf7 67. h5 Nh3 68. Re5 Ng1+ 69. Kg2 Kf6 70. Rf5+ Ke6 71. h6 Bxh6 72. Kxg1 Be3+ 73. Kf1 Kd6 74. Ke2 Bg1 75. Kf3 Be3 76. Ke4 Bg1 77. Rh5 Be3 78. Bc4 Bg1 79. Rh7 Kc5 80. Rxa7 Kxc4 81. Rg7 Kxb5 82. Rxg1 Kc4 83. Rd1 b5 84. Rxd4+ Kc3 85. Rd3+ Kc2 86. Rd4 b4 87. Rxb4 1-0


[Site "https://www.chess.com"]

[Event "Titled Tuesday Blitz August 22 Early 2023"]
[White "Miszler, Levente"]
[Black "Simonovic, Miroslav"]
[WhiteFideId "763276"]
[BlackFideId "919152"]
[WhiteElo "2483"]
[BlackElo "2274"]
[Result "1-0"]
[Round "2"]
[TimeControl "180+1"]
[Date "2023.08.22"]
[WhiteClock "0:01:54"]
[BlackClock "0:00:05"]
[Board "211"]

1. Nf3 c5 2. c4 Nc6 3. g3 e5 4. Nc3 g6 5. Bg2 Bg7 6. O-O Nge7 7. Ne1 O-O 8. Nc2 d6 9. Ne3 f5 10. Ned5 Be6 11. d3 Qd7 12. a3 Rab8 13. Rb1 a5 14. b4 axb4 15. axb4 b6 16. Qa4 Rfd8 17. Bg5 h6 18. Bxe7 Nxe7 19. Qxd7 Rxd7 20. bxc5 dxc5 21. Rxb6 Rxb6 22. Nxb6 Rd6 23. Nbd5 Nxd5 24. Bxd5 e4 25. Bxe6+ Rxe6 26. Nd5 exd3 27. exd3 g5 28. Rb1 Bd4 29. Kf1 Ra6 30. Ne7+ Kf7 31. Nxf5 Be5 32. Ne3 h5 33. Nd5 Ra2 34. Rb7+ Kg6 35. Rb6+ Kg7 36. Re6 Bd4 37. Ne3 Kf7 38. Re4 Rd2 39. Nf5 Rxd3 40. Nxd4 cxd4 41. Ke2 Ra3 42. Rxd4 g4 43. Rd3 Ra2+ 44. Ke3 Kf6 45. Rc3 Ra6 46. c5 Rc6 47. Kf4 Kg6 48. Ke5 Kg5 49. Kd5 Rc8 50. c6 h4 51. c7 h3 52. Kd6 Kf5 53. Kd7 Rg8 54. c8=Q Rxc8 55. Kxc8 Ke4 56. Kd7 Kd4 57. Re3 Kd5 58. Ke7 Kd4 59. Kf6 Kd5 60. Kg5 1-0


[Site "https://www.chess.com"]

[Event "Titled Tuesday Blitz August 22 Early 2023"]
[White "Lacasa Diaz, Jose Antonio"]
[Black "Urbina Perez, Juan Antonio"]
[WhiteFideId "2203375"]
[BlackFideId "2217368"]
[WhiteElo "2268"]
[BlackElo "2483"]
[Result "1-0"]
[Round "2"]
[TimeControl "180+1"]
[Date "2023.08.22"]
[WhiteClock "0:00:51"]
[BlackClock "0:00:34"]
[Board "212"]

1. e4 e5 2. Nf3 Nc6 3. Bb5 a6 4. Ba4 Nge7 5. O-O g6 6. c4 Bg7 7. Nc3 O-O 8. d3 d6 9. h3 Bd7 10. a3 b5 11. cxb5 Nd4 12. Nxd4 exd4 13. Ne2 axb5 14. Bb3 c5 15. Bg5 h6 16. Bxe7 Qxe7 17. Nf4 Kh7 18. Nd5 Qd8 19. Re1 Be6 20. Rc1 Rc8 21. Nf4 Bd7 22. Bd5 Be5 23. Ne2 Be6 24. f4 Bg7 25. Qb3 Bxd5 26. Qxd5 f5 27. exf5 Rxf5 28. Qb7 Rb8 29. Qf3 d5 30. Ng3 Rf7 31. f5 Qg5 32. Rxc5 gxf5 33. Rxd5 Qd2 34. Rf1 Rbf8 35. Nxf5 Qxb2 36. Qe4 Kh8 37. Rf3 Qc1+ 38. Kh2 Qc7+ 39. Rg3 Rd8 40. Rxd8+ Qxd8 41. Nxg7 Rxg7 42. Qe5 Qd7 43. Rxg7 Qxg7 44. Qxg7+ Kxg7 45. Kg3 Kf6 46. Kf4 1-0


[Site "https://www.chess.com"]